 Dungeon Crawl Stone Soup version 0.31.0-11-ge490571c62 (webtiles) character file.

Game seed: 8439264658143977213

4029 Arcadio the Nimble (level 10, -2/85 HPs)
             Began as a Merfolk Shapeshifter on Jan 26, 2024.
             Was an Initiate of Yredelemnul.
             Slain by a hornet (3 damage)
             ... while paralysed by a hornet
             ... on level 8 of the Dungeon.
             The game lasted 00:19:09 (9273 turns).

Arcadio the Nimble (Merfolk Shapeshifter)           Turns: 9273, Time: 00:19:10

Health: -2/85      AC:  6    Str: 19    XL:     10   Next: 24%
Magic:  10/10      EV:  2    Int: 10    God:    Yredelemnul [......]
Gold:   312        SH:  0    Dex: 13    Spells: 9/9 levels left

rFire   . .          .
                       - Unarmed
rCold   . . .        (no shield)
rNeg    . . .        r - +0 scale mail
rPois   .            (helmet currently unavailable)
rElec   .            (cloak currently unavailable)
rCorr   +            (gloves currently unavailable)
SInv    .            (boots currently unavailable)
Will    .....        y - amulet of regeneration Stlth
                     s - ring of resist corrosion
HPRegen 1.14/turn    A - +5 ring of evasion
MPRegen 0.12/turn

%: no passive effects
@: paralysed, lethally poisoned (-2 -> -9), beast-form, slowed
A: beast (slay +2), (nimble swimmer 2), mertail
a: Begin Untransformation, Renounce Religion, Recall Undead Harvest


You were on level 8 of the Dungeon.
You worshipped Yredelemnul.
Yredelemnul was noncommittal.
You were a hulking beast.
You visited 2 branches of the dungeon, and saw 10 of its levels.

You collected 540 gold pieces.
You spent 228 gold pieces at shops.

Inventory:

Hand Weapons
 k - a +2 short sword of draining
 l - a +1 dagger of venom
Armour
 a - a +0 animal skin
 f - a +0 leather armour
 j - a +0 ring mail
 r - a +0 scale mail (worn)
 v - a +0 cloak
 z - a +0 helmet
 H - a +0 pair of boots
 K - a +0 pair of boots
Jewellery
 s - a ring of resist corrosion (left hand)
 y - an amulet of regeneration (around neck)
 A - a +5 ring of evasion (right hand)
 D - a +4 ring of protection
 E - an amulet of reflection
Talismans
 c - a beast talisman
 d - a flux talisman
 n - a blade talisman
Wands
 w - a wand of polymorph (24)
 B - a wand of flame (19)
 C - a wand of light (10)
Scrolls
 e - 3 scrolls of poison
 h - a scroll of revelation
 i - 2 scrolls of enchant armour {unknown}
 o - 5 scrolls of blinking
 x - 2 scrolls of amnesia
 F - a scroll of butterflies {unknown}
 G - a scroll of teleportation {unknown}
 J - a scroll of silence {unknown}
Potions
 b - 2 potions of enlightenment
 g - a potion of attraction {unknown}
 m - 4 potions of heal wounds
 p - a potion of magic {unknown}
 q - 4 potions of curing
 t - 2 potions of degeneration {unknown}
 u - 2 potions of haste
 I - a potion of brilliance {unknown}


   Skills:
 + Level 9.8 Fighting
 + Level 11.8 Dodging
 + Level 8.7 Unarmed Combat
 - Level 4.0 Shapeshifting


You had 9 spell levels left.
You didn't know any spells.
Your spell library contained the following spells:

 Spells                   Type           Power      Damage    Failure   Level
 Dazzling Flash           Conj/Hex       0%         N/A       98%         3
 Mephitic Cloud           Conj/Alch/Air  0%         N/A       98%         3
 Curse of Agony           Necr           0%         N/A       100%        5
 Silence                  Hex/Air        0%         N/A       100%        5


Dungeon Overview and Level Annotations

Branches:
Dungeon (9/15)             Temple (1/1) D:6
   Lair: D:8-11         Orc: D:9-12

Altars:
Ashenzari
Cheibriados
Dithmenos
Elyvilon
Fedhas
Gozag
Hepliaklqana
Kikubaaqudgha
Nemelex Xobeh
Okawaru
Qazlal
Sif Muna
Trog
Uskayaw
Vehumet
Wu Jian
Xom
Yredelemnul
Zin
The Shining One

Shops:
D:1 ![   D:2 [

Annotations:
D:8 2 transporters, heinrich's ghost, novice TrMo


Innate Abilities, Weirdness & Mutations

You are a hulking beast.
Your limbs bulge with bestial killing power. (Slay +2)
((You are very nimble when in or above water. (Stealth+, EV+, Speed+++)))
Your lower body shifts to a powerful aquatic tail in water.


Message History

The hornet completely misses you.
Your gnoll zombie hits the hornet but does no damage.
The hornet stings you but does no damage.
You can move again.
You feel much better.
You feel very sick. The hornet stings you!
You are more poisoned.
You feel as though you will be slow longer.
Your gnoll zombie hits the hornet.
The hornet misses you.
You hit the hornet. You punch the hornet.
The hornet is heavily wounded.
You feel very sick.
The hornet stings you but does no damage.
Your gnoll zombie completely misses the hornet.
The hornet closely misses you.
You feel better. The hornet stings you.
* * * LOW HITPOINT WARNING * * *
You are poisoned.
You feel as though you will be slow longer.
Your gnoll zombie misses the hornet.
The hornet barely misses you.
You feel better. The hornet stings you.
You are poisoned.
You suddenly lose the ability to move!
Your gnoll zombie closely misses the hornet.
The hornet stings you but does no damage.
Your gnoll zombie hits the hornet.
You feel very sick. The hornet stings you!
* * * LOW HITPOINT WARNING * * *
You feel as though you will be slow longer.
The hornet stings you!
* * * LOW HITPOINT WARNING * * *
You are lethally poisoned!
You feel as though you will be slow longer.
* * * LOW HITPOINT WARNING * * *
You feel very sick. The hornet stings you.
You die...
Your body rises from the dead as a mindless zombie.

#.....# #.....# #.....#
#.....# ########### #.....#
#.........# ##.....#
##.#######.# .......# #...#
#.#### .....##########y..#
#....#
..............Z.h.########.##
.....######.#.##.......# #.#
.....)......#....#####.# #.#
..)...#####.#..### #.# #[#
....#.#######..# #.# #.#
#.#..<........## #.###.#
#.#.#######.### #.....#
..#...#......# #######
....###......#


You could see a hornet (ally target) and a friendly gnoll zombie.

Vanquished Creatures
  Amaemon (D:8)
  An orange demon (D:8)
  Sigmund (D:2)
  Duvessa (D:7)
  A water moccasin (D:7)
  An ice beast (D:7)
  3 orc warriors
  A black bear (D:8)
  An ogre (D:4)
  4 phantoms
  A centaur (D:7)
  A bullfrog (D:6)
  A gnoll sergeant (D:9)
  5 scorpions
  Dowan (D:7)
  7 wights (D:7)
  A howler monkey (D:8)
  A bombardier beetle (D:4)
  4 jellies
  4 hounds
  5 orc priests
  A gnoll bouda (D:4)
  Crazy Yiuf (D:2)
  A sleepcap (D:5)
  An iguana (D:5)
  5 orc wizards
  Robin (D:2)
  3 adders
  9 gnolls
  2 white imps
  2 dart slugs
  A ribbon worm (D:2)
  13 orcs
  11 endoplasms
  A giant cockroach (D:2)
  8 goblins
  10 hobgoblins
  3 jackals (D:3)
  13 kobolds
  2 quokkas
  10 ball pythons
  5 bats
  5 frilled lizards
  5 rats
159 creatures vanquished.

Vanquished Creatures (collateral kills)
  A sky beast (D:7)
  An orc priest (D:7)
  An orc (D:7)
3 creatures vanquished.

Vanquished Creatures (others)
  A demonspawn zombie (D:8)
  An orc wizard (D:6)
  2 elf zombies (D:7)
  5 orc zombies
9 creatures vanquished.

Grand Total: 171 creatures vanquished

Notes
Turn   | Place    | Note
-------+----------+-------------------------------------------
     0 | D:1      | Arcadio the Merfolk Shapeshifter began the quest for the
                  | Orb.
     0 | D:1      | Reached XP level 1. HP: 15/15 MP: 1/1
   138 | D:1      | Reached skill level 3 in Dodging
   187 | D:1      | Found Zuromici's Armour Shoppe.
   194 | D:1      | Reached XP level 2. HP: 22/22 MP: 2/2
   248 | D:1      | Found a faded altar of an unknown god.
   272 | D:1      | Found Cihy Gann's Distillery.
   802 | D:2      | Reached XP level 3. HP: 26/28 MP: 3/3
   931 | D:2      | Found a runed translucent door.
   932 | D:2      | Noticed Crazy Yiuf
  1111 | D:2      | Reached skill level 4 in Dodging
  1122 | D:2      | Noticed Sigmund
  1512 | D:2      | Found an opulent altar of Gozag.
  1512 | D:2      | Found a stormy altar of Qazlal.
  1512 | D:2      | Found an ancient bone altar of Kikubaaqudgha.
  1512 | D:2      | Found a bloodstained altar of Trog.
  1512 | D:2      | Found a blossoming altar of Fedhas.
  1512 | D:2      | Found a glowing silver altar of Zin.
  1527 | D:2      | Reached XP level 4. HP: 23/35 MP: 4/4
  1531 | D:2      | Reached skill level 5 in Dodging
  1531 | D:2      | Reached XP level 5. HP: 12/41 MP: 5/5
  2018 | D:3      | You fall into a shaft and drop 2 floors!
  2018 | D:5      | Entered Level 5 of the Dungeon
  2022 | D:5      | Noticed a phantom
  2038 | D:5      | Killed a phantom
  2039 | D:5      | Reached skill level 6 in Dodging
  2039 | D:5      | Reached XP level 6. HP: 49/49 MP: 6/6
  2431 | D:4      | Reached skill level 5 in Fighting
  3156 | D:4      | Reached skill level 7 in Dodging
  3156 | D:4      | Reached XP level 7. HP: 40/56 MP: 7/7
  4358 | D:2      | Noticed Robin
  4364 | D:2      | Killed Robin
  4393 | D:2      | Found Xerikif's Antique Armour Emporium.
  4553 | D:2      | Killed Sigmund
  4850 | D:2      | Killed Crazy Yiuf
  5077 | D:1      | Bought a potion of might for 48 gold pieces
  5077 | D:1      | Bought 2 potions of curing for 72 gold pieces
  5077 | D:1      | Bought a potion of curing for 36 gold pieces
  5077 | D:1      | Bought a potion of curing for 36 gold pieces
  5077 | D:1      | Bought a potion of curing for 36 gold pieces
  5194 | D:4      | Reached skill level 8 in Dodging
  5194 | D:4      | Reached XP level 8. HP: 57/65 MP: 8/8
  5567 | D:5      | Reached skill level 5 in Unarmed Combat
  6577 | D:6      | Found a staircase to the Ecumenical Temple.
  6645 | D:6      | Reached skill level 9 in Dodging
  6667 | Temple   | Entered the Ecumenical Temple
  6683 | Temple   | Became a worshipper of Yredelemnul the Dark
  6746 | D:6      | Noticed an angel
  6747 | D:6      | Found a glowing silver altar of Zin.
  6905 | D:7      | Noticed Duvessa
  6908 | D:7      | Noticed Dowan
  6938 | D:7      | Killed Duvessa
  6950 | D:7      | Killed Dowan
  6950 | D:7      | Reached * piety under Yredelemnul
  6989 | D:7      | Your ally Duvessa died
  6993 | D:7      | Your ally Dowan died
  7001 | D:7      | Reached XP level 9. HP: 51/73 MP: 9/9
  7153 | D:7      | Reached skill level 10 in Dodging
  7157 | D:7      | Found a hazy altar of Hepliaklqana.
  7361 | D:7      | Found an ornate altar of the Wu Jian Council.
  7528 | D:7      | Reached ** piety under Yredelemnul
  7661 | D:7      | Identified the serpent talisman of the Lost Path {Dex+3
                  | Slay+5}
  8051 | D:7      | Reached *** piety under Yredelemnul
  8382 | D:8      | Noticed Amaemon
  8388 | D:8      | Noticed an orange demon
  8428 | D:8      | Found a glowing golden altar of the Shining One.
  8449 | D:8      | Found a shadowy altar of Dithmenos.
  8510 | D:8      | Noticed a moth of wrath
  8510 | D:8      | Noticed heinrich's ghost (novice TrMo)
  8513 | D:8      | Found a transporter.
  8519 | D:8      | Found a transporter.
  8701 | D:8      | Killed Amaemon
  8702 | D:8      | Reached skill level 11 in Dodging
  8702 | D:8      | Reached XP level 10. HP: 83/83 MP: 10/10
  8714 | D:8      | Your ally Amaemon died
  8717 | D:8      | Killed an orange demon
  9167 | D:9      | HP: 2/85 [hornet (8)]
  9262 | D:8      | Paralysed by a hornet for 2 turns
  9265 | D:8      | Paralysed by a hornet for 3 turns
  9271 | D:8      | Paralysed by a hornet for 3 turns
  9273 | D:8      | HP: 1/85 [poisoned by a hornet]
  9273 | D:8      | Slain by a hornet

Illustrated notes

Levels and vault maps discovered:
D:1:      dpeg_arrival_rooms_a, layout_basic, serial_shops,
          nicolae_shop_tiny_glass, nicolae_shop_getting_attention,
          shapermc_ecumenical_altar_flowoftime
D:2:      cheibrodos_fertilizer, layout_basic, serial_shops,
          nicolae_shop_pleasant_corner_grove, fountainhead, uniq_robin,
          uniq_sigmund, uniq_crazy_yiuf_cottage
D:3:      layout_rooms
D:4:      wad_crossroads, layout_basic
D:5:      layout_gridville
D:6:      layout_gridville, zin_angel, minmay_temple_entry_antechambers,
          hangedman_decor_peaks_small
D:7:      layout_gridville, mainiacjoe_overflow_chevrons,
          nicolae_hepliaklqana_hippocampus, serial_co_window_serial,
          co_window_paths_a, co_window_of_opportunity_a, co_window_paths_a,
          co_window_corner_a, co_window_paths_a, co_window_paths_a,
          co_window_of_opportunity_a, co_window_corner_a, co_window_paths_a,
          co_window_broadway_a, co_window_broadway_c, co_window_corner_ca,
          co_window_2corner, co_window_of_opportunity_b, uniq_duvessa
D:8:      layout_basic, mainiacjoe_overflow_catwalk_spiral,
          gammafunk_ghost_berserking_beasts, uniq_amaemon
D:9:      layout_basic, amcnicky_altar_gilded, hellmonk_lair_entry_icy
Temple:   eino_temple_water

Skill      XL: |  1  2  3  4  5  6  7  8  9 |
---------------+----------------------------+-----
Dodging        | 3 4 5 6 7 8 9 11 | 11.8
Fighting       | 2 3 4 5 6 7 9 |  9.8
Unarmed Combat | 4 6 8 |  8.7
Shapeshifting  | |  4.0

Action                     |  1- 3 |  4- 6 |  7- 9 | 10-12 || total
---------------------------+-------+-------+-------+-------++-------
  Melee: Unarmed           |   122 |   126 |   383 |    37 ||   668
         Punch             |     2 |     2 |    10 |     4 ||    18
 Invoke: Recall Undead Har |       |       |     1 |       ||     1
    Use: Scroll            |       |     4 |     5 |     2 ||    11
         Potion            |       |     2 |     5 |     4 ||    11
   Stab: Distracted        |       |       |     1 |       ||     1
 Armour: Leather armour    |     7 |       |       |       ||     7
         Animal skin       |     4 |       |       |       ||     4
         Ring mail         |    50 |    52 |    87 |       ||   189
         Skin              |       |     4 |     8 |    10 ||    22
         Scale mail        |       |       |   135 |    43 ||   178
  Dodge: Dodged            |    60 |    69 |   306 |    49 ||   484
